 Dungeon Crawl Stone Soup version 0.29-a0-1027-gcd8c55af63 (webtiles) character file.

Game seed: 16212063315900756113

49 GreenGift the Chiller (level 3, 0/24 HPs)
             Began as a Merfolk Ice Elementalist on Aug 12, 2022.
             Slain by a worm (11 damage)
             ... on level 2 of the Dungeon.
             The game lasted 00:14:12 (2230 turns).

GreenGift the Chiller (Merfolk Ice Elementalist)    Turns: 2230, Time: 00:14:12

Health: 0/24       AC:  2    Str:  8    XL:     3   Next: 75%
Magic:  2/6        EV: 13    Int: 16    God:
Gold:   42         SH:  0    Dex: 14    Spells: 5/6 levels left

rFire   . . .      SeeInvis .   d - +0 whip
rCold   . . .      Faith    .   (no shield)
rNeg    . . .      Spirit   .   a - +0 robe
rPois   .          Reflect  .   (no helmet)
rElec   .          Harm     .   (no cloak)
rCorr   .          Rampage  .   (no gloves)
Will    .....                   (no boots)
Stlth   ++........              (no amulet)
HPRegen 0.08/turn               (no ring)
MPRegen 0.10/turn               (no ring)

@: no status effects
A: (nimble swimmer 2), mertail
a: no special abilities


You were on level 2 of the Dungeon.
You visited 1 branch of the dungeon, and saw 2 of its levels.

You collected 42 gold pieces.

Inventory:

Hand Weapons
 c - a +0 dagger
 d - a +0 whip (weapon)
Armour
 a - a +0 robe (worn)
Potions
 b - a potion of magic
 e - 2 potions of heal wounds {unknown}
 f - a potion of curing {unknown}


   Skills:
 + Level 3.3 Dodging
 + Level 2.8 Stealth
 + Level 2.4 Spellcasting
 * Level 5.0 Ice Magic


You had 5 spell levels left.
You knew the following spells:

 Your Spells              Type           Power      Damage    Failure   Level
a - Freeze                Ice            72%        1d9       2%          1

Your spell library contained the following spells:

 Spells                   Type           Power      Damage    Failure   Level
 Frozen Ramparts          Ice            36%        1d6       8%          3
 Ozocubu's Armour         Ice            18%        N/A       8%          3
 Hailstorm                Conj/Ice       9%         3d4       56%         4


Dungeon Overview and Level Annotations

Branches:
Dungeon (2/15)

Altars:

Shops:
D:1 :


Innate Abilities, Weirdness & Mutations

((You are very nimble when in or above water. (Stealth+, EV+, Speed+++)))
Your lower body shifts to a powerful aquatic tail in water.


Message History

You hit the adder.
The adder is almost dead.
The adder bites you but does no damage. The adder bites you.
You hit the adder.
You kill the adder!
Your Ice Magic skill increases to level 5!
You start resting.
HP restored.
You start resting.
Magic restored.
Found two stone staircases leading up.
Found an escape hatch in the floor.
f - a golden potion
Found an escape hatch in the ceiling.
A goblin comes into view. It is wielding a +0 club.
There is an escape hatch in the ceiling here.
You freeze the goblin!
You kill the goblin!
Things that are here:
a +0 club; a goblin corpse
There is an escape hatch in the ceiling here.
Found a red potion.
e - 2 red potions (gained 1)
The goblin shouts!
A worm comes into view.
You see here a +0 flail.
You freeze the goblin!
You kill the goblin!
A worm comes into view.
Things that are here:
a +0 dagger; 11 gold pieces; a goblin corpse You freeze the worm.
The worm is lightly wounded.
The worm bites you!
You freeze the worm.
The worm is moderately wounded.
You freeze the worm.
The worm is severely wounded.
The worm bites you. The worm bites you!
You die...

..# #.# #.## ... #.#
#.#> #.#####.# #...
#....ww.#### #..#
#@.)).# ..## ###>>...#
... ..#$....# #.#
#.#.....####.###
#.#....#.......#
#.#####.#<##.#.# # #
#.#####.#.##.# #
#.##.##.......#.##.# #
#....>..#####<#.##.#.#


You could see 2 worms.

Vanquished Creatures
  An adder (D:2)
  2 dart slugs (D:1)
  3 endoplasms (D:1)
  2 giant cockroaches (D:1)
  6 hobgoblins
  2 jackals (D:1)
  3 kobolds (D:1)
  A quokka (D:1)
  4 ball pythons (D:1)
  3 bats (D:1)
  2 frilled lizards (D:1)
  3 goblins
  3 rats (D:1)
35 creatures vanquished.

Notes
Turn   | Place    | Note
-------+----------+-------------------------------------------
     0 | D:1      | GreenGift the Merfolk Ice Elementalist began the quest for
                  | the Orb.
     0 | D:1      | Reached XP level 1. HP: 13/13 MP: 3/3
   404 | D:1      | Found a faded altar of an unknown god.
   406 | D:1      | Reached XP level 2. HP: 19/19 MP: 1/5
   528 | D:1      | Found Sumet's Vocational Training.
  1194 | D:1      | Reached XP level 3. HP: 18/24 MP: 2/6
  2139 | D:2      | Reached skill level 5 in Ice Magic
  2230 | D:2      | Slain by a worm

Illustrated notes

Levels and vault maps discovered:
D:1:      dpeg_arrival_renting, layout_basic, basic_ecumenical_altar,
          nicolae_shop_vocational
D:2:      wander_river, layout_loops_cross

Skill      XL: |  1  2  3 |
---------------+----------+-----
Dodging        | 3 |  3.3
Ice Magic      | 5 |  5.0
Stealth        | |  2.8
Spellcasting   | |  2.4

Action                   || total
-------------------------++-------
Melee: Unarmed           ||    18
       Punch             ||     1
       Whip              ||    26
       Dagger            ||     1
 Cast: Freeze            ||    55
  Use: Scroll            ||     2
Armor: Robe              ||    17
Dodge: Dodged            ||    70

Table legend: (Time is in decaauts)
 A = Elapsed time spent in this place.
 B = Non-inter-level travel time spent in this place.
 C = Inter-level travel time spent in this place.
 D = Time resting spent in this place.
 E = Time spent auto-exploring this place.
 F = Levels seen in this place.
 G = Mean time per level.
                   A        B        C        D        E       F      G
               +--------+--------+--------+--------+--------+-----+--------+
         Total |   2231 |   2231 |      0 |   1325 |    218 |   2 | 1115.5 |
       Dungeon |   2231 |   2231 |      0 |   1325 |    218 |   2 | 1115.5 |
               +--------+--------+--------+--------+--------+-----+--------+

Top non-repeatable levels by time:
     D:1: 2121 daAuts
     D:2: 110 daAuts
